 Dungeon Crawl Stone Soup version 0.28.0 (webtiles) character file.

Game seed: 751561942140399917

21 boopmooplesden the Shield-Bearer (level 2, -7/27 HPs)
             Began as a Minotaur Fighter on Feb 4, 2022.
             Mangled by a kobold (16 damage)
             ... on level 1 of the Dungeon.
             The game lasted 00:00:50 (490 turns).

boopmooplesden the Shield-Bearer (Minotaur Fighter)  Turns: 490, Time: 00:00:51

Health: -7/27      AC:  7    Str: 20    XL:     2   Next: 65%
Magic:  1/1        EV:  9    Int:  5    God:
Gold:   43         SH:  4    Dex:  9    Spells: 1/1 levels left

rFire   . . .      SeeInvis .   a - +0 war axe
rCold   . . .      Faith    .   c - +0 buckler
rNeg    . . .      Spirit   .   b - +0 scale mail
rPois   .          Reflect  .   (helmet restricted)
rElec   .          Harm     .   (no cloak)
rCorr   .          Rampage  .   (no gloves)
Will    .....                   (no boots)
Stlth   ..........              (no amulet)
HPRegen 0.09/turn               (no ring)
MPRegen 0.07/turn               (no ring)

@: no status effects
A: horns 2, retaliatory headbutt
a: no special abilities


You were on level 1 of the Dungeon.
You visited 1 branch of the dungeon, and saw 1 of its levels.

You collected 43 gold pieces.

Inventory:

Hand Weapons
 a - a +0 war axe (weapon)
Armour
 b - a +0 scale mail (worn)
 c - a +0 buckler (worn)
Scrolls
 f - a scroll of enchant armour {unknown}
 g - a scroll of fog {unknown}
Potions
 d - a potion of might
 e - a potion of brilliance {unknown}


   Skills:
 + Level 4.0 Fighting
 + Level 2.8 Axes
 + Level 3.8 Armour
 + Level 0.2 Dodging
 + Level 4.0 Shields


You had one spell level left.
You didn't know any spells.
Your spell library was empty.

Dungeon Overview and Level Annotations

Branches:
Dungeon (1/15)

Altars:

Shops:
D:1 [


Innate Abilities, Weirdness & Mutations

You have a pair of horns on your head.
You reflexively headbutt those who attack you in melee.


Message History

You closely miss the hobgoblin.
The hobgoblin hits you but does no damage.
You closely miss the hobgoblin. You slash the endoplasm!
You kill the endoplasm!
The hobgoblin barely misses you.
You closely miss the hobgoblin.
The hobgoblin hits you but does no damage.
The goblin hits you but does no damage.
The hobgoblin hits you but does no damage.
You barely miss the hobgoblin.
You headbutt the hobgoblin, but do no damage.
You slash the goblin!
You kill the goblin!
The hobgoblin hits you but does no damage.
You hit the hobgoblin but do no damage. The hobgoblin hits you.
The hobgoblin hits you but does no damage.
You slash the hobgoblin!
You kill the hobgoblin!
You see here a hobgoblin corpse.
Things that are here:
a +0 club; a goblin corpse
g - a scroll labelled UDGHOAD TINLE A kobold comes into view.
It is wielding a +2 dagger of electrocution.
Found 8 gold pieces.
The kobold shouts!
The kobold moves out of view.
A rat comes into view.
The kobold throws a stone.
You block the stone.
There are monsters nearby!
The kobold throws a stone.
The stone barely misses you.
The kobold throws a stone.
The stone closely misses you.
Found Diukil's Antique Armour Boutique.
You block the kobold's attack. The rat bites you but does no damage.
The kobold hits you but does no damage.
You are electrocuted!
Ouch! That really hurt!
You see here 8 gold pieces.
The kobold hits you with a +2 dagger of electrocution.
You are electrocuted!
Ouch! That really hurt!
You die...

#.#..#. #..
......#.#..#. #.# .. ..
#.#..#. #∩#.. ...#.####)
##.#. .#.#....†. ...
.......... #.#
##.#.######.
########.####..#.######.
.......@$r..............
####....K...#.##........
#........#.# ########
#........#.# #....#.#
#........#.# #.##.#.#
#........#.# #.##....
#........#.###.######
#........#.....# .
#######


You could see a kobold and a rat.

Vanquished Creatures
  3 endoplasms (D:1)
  A giant cockroach (D:1)
  2 hobgoblins (D:1)
  3 jackals (D:1)
  A quokka (D:1)
  2 bats (D:1)
  2 frilled lizards (D:1)
  3 goblins (D:1)
  A kobold (D:1)
  A rat (D:1)
19 creatures vanquished.

Notes
Turn   | Place    | Note
-------+----------+-------------------------------------------
     0 | D:1      | boopmooplesden the Minotaur Fighter began the quest for the
                  | Orb.
     0 | D:1      | Reached XP level 1. HP: 19/19 MP: 0/0
   187 | D:1      | Reached XP level 2. HP: 27/27 MP: 1/1
   488 | D:1      | Found Diukil's Antique Armour Boutique.
   490 | D:1      | Mangled by a kobold

Illustrated notes

Levels and vault maps discovered:
D:1:      amcnicky_arrival_single_pillar, layout_basic, serial_shops, shop,
          minmay_misc_feat_x, st_stairs_2

Skill      XL: |  1  2 |
---------------+-------+-----
Shields        | 4 |  4.0
Fighting       | 4 |  4.0
Axes           | |  2.8
Armour         | |  3.8
Dodging        | |  0.2

Action                   || total
-------------------------++-------
Melee: War axe           ||    31
       Headbutt          ||     3
Armor: Scale mail        ||    31
Dodge: Dodged            ||    30
Block: Buckler           ||     9
